 Dungeon Crawl Stone Soup version 0.30-a0-778-g2ef04afb54 (webtiles) character file.

Game seed: 8197203871616565033

9 Esekla the Sneak (level 2, -1/21 HPs)
             Began as an Octopode Delver on Feb 15, 2023.
             Was an Initiate of Gozag.
             Slain by a centaur (3 damage)
             ... on level 5 of the Dungeon.
             The game lasted 00:03:10 (251 turns).

Esekla the Sneak (Octopode Delver)                   Turns: 251, Time: 00:03:10

Health: -1/21      AC:  1    Str: 11    XL:     2   Next: 12%
Magic:  2/2        EV: 13    Int: 12    God:    Gozag
Gold:   12         SH:  0    Dex: 13    Spells: 1/1 levels left

rFire   . . .      SeeInvis .    a - +0 falchion
rCold   . . .      Faith    .    (no shield)
rNeg    . . .      Spirit   .    (helmet restricted)
rPois   .          Reflect  .    (no amulet)
rElec   .          Harm     .    (no ring)
rCorr   .          Rampage  .    (no ring)
Will    .....                    (no ring)
Stlth   ++++                     (no ring)
HPRegen 0.23/turn                (no ring)
MPRegen 0.08/turn                (no ring)
                                 (no ring)
                                 (no ring)

@: hasted, very quick
A: almost no armour, amphibious, 8 rings, camouflage 1, gelatinous body 1,
(nimble swimmer 1), tentacles
a: Renounce Religion, Potion Petition, Call Merchant, Bribe Branch


You were on level 5 of the Dungeon.
You worshipped Gozag.
Gozag was noncommittal.
You visited 2 branches of the dungeon, and saw 2 of its levels.

You collected 25 gold pieces.
You paid 13 gold pieces to Gozag.

Inventory:

Hand Weapons
 a - a +0 falchion (weapon)
Wands
 c - a wand of flame (22)
 f - a wand of digging (3)
Scrolls
 b - a scroll of fog


   Skills:
 * Level 3.1 Fighting
 * Level 2.1 Long Blades
 * Level 2.1 Dodging
 + Level 6.9 Stealth
 * Level 0.2 Spellcasting


You had one spell level left.
You didn't know any spells.
Your spell library was empty.

Dungeon Overview and Level Annotations

Branches:
Dungeon (5/15)             Temple (1/1) D:5

Altars:
Gozag
Okawaru


Innate Abilities, Weirdness & Mutations

You cannot wear most types of armour.
You are amphibious.
You can wear up to eight rings at the same time.
Your skin changes colour to match your surroundings (Stealth+).
Your rubbery body absorbs attacks. (AC +1, EV +1)
((You are camouflaged when in or above water. (Stealth+)))
You have tentacles for arms and can constrict up to eight enemies at once.


Message History

You now have 12 gold pieces (gained 5).
You feel sick.
You start resting.
You feel sick.
You are no longer poisoned.
You start resting.
HP restored.
There is a staircase back to the Dungeon here.
You can't go down here!
You climb upwards.
There is a staircase to the Ecumenical Temple here.
The centaur shoots an arrow.
The arrow hits you!
Ouch! That really hurt!
* * * LOW HITPOINT WARNING * * *
You feel yourself speed up.
The centaur shoots an arrow.
The arrow barely misses you.
The centaur shoots an arrow.
The arrow misses you.
Found 12 gold pieces.
The centaur shoots an arrow.
The arrow barely misses you.
The centaur unwields a +0 shortbow.
The centaur barely misses you. x2
You hit the centaur but do no damage. Your squeeze misses the centaur.
The centaur hits you.
* * * LOW HITPOINT WARNING * * *
The centaur kicks you but does no damage.
You aren't carrying any potions.
Okay, then.
You barely miss the centaur. The centaur misses you.
The centaur kicks you but does no damage.
You barely miss the centaur. The centaur misses you.
The centaur completely misses you.
Okay, then.
You aren't carrying any potions.
Unknown command.
You hit the centaur.
The centaur is lightly wounded.
The centaur misses you. The centaur kicks you.
* * * LOW HITPOINT WARNING * * *
You slash the centaur!
You tentacle-slap the centaur, but do no damage.
You squeeze the centaur.
The centaur is heavily wounded.
The centaur hits you.
You die...
Your body crumbles into a pile of gold.

,* #.#..,*...##***,.$#.^,,,,,,,,
,* #....###...####.....,,,,,,,,,
.####...................,,,,,,,,,
,......#....)#...##.....,,,,,,,,,
**#..###..>..###........,*,**,,,,
,,,....#.....#..?.......,,,**,,,,
,***#...................,..*####o
,* #....###...#.......$,..#,....
,* #.....#....#@.......,....#...
,* #l....#.....c..#....,,,..#...
,* #..##.......#..#,...,,,,../..
,* #..#####....#..#**##*...##...
,* #...........#..#<,,,,...o....
** #.#####.....#..#***********#.
#..............# #.
#######.#....#.#### #.
#....#...........# #.


You could see a centaur.

Vanquished Creatures
  An adder (Temple)
1 creature vanquished.

Notes
Turn   | Place    | Note
-------+----------+-------------------------------------------
     0 | D:5      | Esekla the Octopode Delver began the quest for the Orb.
     0 | D:5      | Reached XP level 1. HP: 16/16 MP: 1/1
    48 | D:5      | Noticed an iguana
    95 | D:5      | Noticed a centaur
    95 | D:5      | Noticed an iguana
   102 | D:5      | Found a staircase to the Ecumenical Temple.
   134 | Temple   | Entered the Ecumenical Temple
   141 | Temple   | Became a worshipper of Gozag Ym Sagoz the Greedy
   157 | Temple   | Reached XP level 2. HP: 6/21 MP: 2/2
   251 | D:5      | Slain by a centaur

Illustrated notes

Levels and vault maps discovered:
D:5:      layout_basic, mainiacjoe_overflow_concentric_impassable,
          mainiacjoe_overflow_tiny_flanked, minmay_temple_entry_tees
Temple:   minmay_crystal_spiral_temple

Action                     || total
---------------------------++-------
  Melee: Falchion          ||     9
         Constrict         ||     1
         Punch             ||     1
         Tentacles         ||     1
    Use: Scroll            ||     2
         Potion            ||     2
 Armour: Skin              ||     3
  Dodge: Dodged            ||    16

Table legend: (Time is in decaauts)
 A = Elapsed time spent in this place.
 B = Non-inter-level travel time spent in this place.
 C = Inter-level travel time spent in this place.
 D = Time resting spent in this place.
 E = Time spent auto-exploring this place.
 F = Levels seen in this place.
 G = Mean time per level.
                   A        B        C        D        E       F      G
               +--------+--------+--------+--------+--------+-----+--------+
         Total |    250 |    250 |      0 |     74 |      0 |   2 |  125.0 |
       Dungeon |    149 |    149 |      0 |      0 |      0 |   1 |  149.0 |
        Temple |    101 |    101 |      0 |     74 |      0 |   1 |  101.0 |
               +--------+--------+--------+--------+--------+-----+--------+

Top non-repeatable levels by time:
     D:5: 149 daAuts
  Temple: 101 daAuts
